 Dungeon Crawl Stone Soup version 0.16.2-12-gd0ad4c3 (webtiles) character file.

1425 Seneschal the Cleaver (level 8, -5/70 HPs)
             Began as a Hill Orc Fighter on Sept 22, 2015.
             Was a Priest of Okawaru.
             Shot with a sling bullet by Joseph (8 damage)
             ... on level 7 of the Dungeon.
             The game lasted 00:20:05 (5572 turns).

Seneschal the Cleaver (Hill Orc Fighter)            Turns: 5572, Time: 00:20:05

Health: -5/70      AC: 13    Str: 21    XL:     8   Next: 72%
Magic:  9/9        EV: 10    Int:  8    God:    Okawaru [***...]
Gold:   495        SH: 10    Dex: 10    Spells: 0 memorised, 7 levels left

rFire  . . .     SeeInvis .     a - +1 war axe
rCold  + . .     Clarity  .     p - +1 chain mail {rC+}
rNeg   . . .     SustAb   .     c - +0 shield
rPois  .         Gourm    .     t - +2 hat
rElec  .         Spirit   .     (no cloak)
rCorr  .         Warding  .     (no gloves)
rMut   .         Stasis   .     (no boots)
MR     +....                    E - amulet of faith
Stlth  ..........               C - ring of protection from magic
                                x - +4 ring of evasion

@: lethally poisoned (-5 -> -11), somewhat resistant to hostile enchantments,
extremely unstealthy
A: no striking features
a: Heroism, Renounce Religion


You were on level 7 of the Dungeon.
You worshipped Okawaru.
Okawaru was most pleased with you.
You were hungry.

You visited 1 branch of the dungeon, and saw 7 of its levels.
You also visited: Sewer.

You collected 495 gold pieces.

Inventory:

Hand weapons
 a - a +1 war axe (weapon)
 j - a +0 hand axe
Missiles
 R - 2 tomahawks of dispersal (quivered)
Armour
 b - a +0 scale mail
 c - a +0 shield (worn)
 n - a +0 buckler
 p - a +1 chain mail of cold resistance (worn)
 t - a +2 hat (worn)
Jewellery
 h - an uncursed amulet of resist mutation
 q - an uncursed ring of wizardry
 w - an uncursed amulet of guardian spirit
 x - a +4 ring of evasion (left hand)
 z - an uncursed ring of protection from cold
 C - a ring of protection from magic (right hand)
 E - an amulet of faith (around neck)
 Q - an uncursed ring of ice
Magical devices
 v - a wand of paralysis (11)
 F - a wand of lightning (9)
 G - a wand of digging (18)
 N - a wand of confusion (36)
Scrolls
 g - 5 scrolls of remove curse
 k - 4 scrolls of teleportation
 y - 2 scrolls of fear
 D - 3 scrolls of fog
 H - a scroll of blinking {unknown}
Potions
 e - 2 potions of might
 f - 2 potions of cure mutation
 i - a potion of flight {unknown}
 l - 2 potions of brilliance {unknown}
 m - 3 potions of haste
 o - a potion of magic
 u - 6 potions of curing
 A - a potion of berserk rage {unknown}
 B - a potion of decay {unknown}
 L - a potion of restore abilities {unknown}
 P - a potion of cancellation {unknown}
 S - a potion of invisibility {unknown}
Books
 J - a book of Callings

   Spells                             Type                      Level
   a - Summon Small Mammal            Summoning                    1
   b - Call Imp                       Summoning                    2
   c - Call Canine Familiar           Summoning                    3
   d - Summon Guardian Golem          Hexes/Summoning              4
   e - Summon Lightning Spire         Summoning/Air                4
   f - Summon Ice Beast               Ice/Summoning                4
 M - Iskenderun's Handbook of Attacks
   (You found it on level 6 of the Dungeon)

   Spells                             Type                      Level
   a - Magic Dart                     Conjuration                  1
   b - Throw Flame                    Conjuration/Fire             2
   c - Mephitic Cloud                 Conjuration/Poison/Air       3
   d - Throw Icicle                   Conjuration/Ice              4
   e - Lightning Bolt                 Conjuration/Air              5
 O - a book of Annihilations {highlevel, unknown}

   This book is beyond your current level of understanding.

   Spells                             Type                      Level
   a - Poison Arrow                   Conjuration/Poison           6
   b - Chain Lightning                Conjuration/Air              8
   c - Lehudib's Crystal Spear        Conjuration/Earth            8
   d - Glaciate                       Conjuration/Ice              9
   e - Fire Storm                     Conjuration/Fire             9
Comestibles
 d - 4 meat rations
 r - a beef jerky
 s - 2 chunks of flesh
 I - a bread ration
 K - a fruit


   Skills:
 + Level 5.9 Fighting
 * Level 9.5 Axes
 + Level 6.0 Armour
 - Level 0.2 Dodging
 + Level 6.0 Shields
 + Level 0.9 Evocations


You had 7 spell levels left.
You didn't know any spells.

Dungeon Overview and Level Annotations

Branches:
Dungeon (7/15)             Temple (0/1) D:7

Altars:
Cheibriados
Elyvilon
Fedhas
Kikubaaqudgha
Okawaru
Sif Muna
Yredelemnul

Annotations:
D:7 Joseph


Message History

Joseph hits you with a quarterstaff of speed!
You barely miss Joseph.
Joseph is lightly wounded.
You feel sick.
Joseph zaps a wand.
The puff of flame hits you!
You hit Joseph but do no damage.
Joseph is lightly wounded.
You feel sick. Joseph barely misses you.
You hit Joseph but do no damage.
Joseph is lightly wounded.
You feel sick.
Joseph hits you with a quarterstaff of speed!
* * * LOW HITPOINT WARNING * * *
Joseph hits you with a quarterstaff of speed.
* * * LOW HITPOINT WARNING * * *
* * * LOW HITPOINT WARNING * * *
You feel sick.
Joseph unwields an uncursed quarterstaff of speed.
Joseph wields a glowing hunting sling.
It bursts into flame!
Joseph shoots a sling bullet.
The sling bullet hits you!
You die...

##.......#.# #...##
###
##..........###....#
...
.'.................#
###
#........<.###>...##.#
#..!....#...........#
##.....#######.......
##...## #†#.###. ##'##
#.#.# #@# #.# . #)#
#.# .# #@# #.# # ...
#.. ..... ### #....#.
.......# ##.#.## #
#.#.#


You could see Joseph.

Vanquished Creatures
  Edmund (D:7)
  An orc warrior (D:7)
  A sky beast (D:7)
  A centaur (D:6)
  A water moccasin skeleton (D:3)
  A scorpion (D:3)
  2 hounds
  A crimson imp (D:6)
  4 orc priests
  An iguana (D:5)
  A giant frog skeleton (D:7)
  6 orc wizards
  6 worker ants
  Jessica (D:6)
  3 gnolls (D:5)
  2 river rats (Sewer)
  13 adders
  A shadow imp (D:6)
  5 giant mites
  4 worms
  An adder skeleton (D:4)
  A giant gecko (D:3)
  An ooze (D:1)
  18 orcs
  8 ball pythons
  2 bat skeletons
  A bat zombie (D:7)
  15 goblins
  5 hobgoblins
  9 kobolds
  3 quokkas
  16 bats
  3 giant cockroaches
  A giant cockroach zombie (D:5)
  10 giant newts
  8 jackals
  9 rats
  A spectral orc (D:3)
168 creatures vanquished.

Notes
Turn   | Place    | Note
--------------------------------------------------------------
     0 | D:1      | Seneschal, the Hill Orc Fighter, began the quest for the Orb.
     0 | D:1      | Reached XP level 1. HP: 19/19 MP: 1/1
   198 | D:1      | Found an iron altar of Okawaru.
   230 | D:1      | Became a worshipper of Warmaster Okawaru
   322 | D:1      | Reached XP level 2. HP: 25/27 MP: 2/2
   532 | D:1      | Reached skill level 4 in Fighting
   786 | D:1      | You fall through a shaft!
   869 | D:2      | Reached XP level 3. HP: 13/33 MP: 3/3
  1318 | D:2      | Reached XP level 4. HP: 19/40 MP: 4/4
  1341 | D:2      | Found a snail-covered altar of Cheibriados.
  1706 | D:3      | Reached XP level 5. HP: 30/47 MP: 5/5
  1950 | D:3      | Found a glowing drain.
  1963 | Sewer    | Entered a sewer
  2047 | Sewer    | Reached skill level 5 in Axes
  2058 | Sewer    | Reached XP level 6. HP: 41/53 MP: 6/6
  2641 | D:3      | Found a basalt altar of Yredelemnul.
  2706 | D:3      | Found an ancient bone altar of Kikubaaqudgha.
  3013 | D:4      | Acquired Okawaru's first power
  3104 | D:4      | Reached skill level 6 in Axes
  3176 | D:4      | Reached skill level 5 in Fighting
  3176 | D:4      | Reached XP level 7. HP: 58/61 MP: 5/7
  3443 | D:4      | Reached skill level 5 in Shields
  3521 | D:4      | Found a white marble altar of Elyvilon.
  3546 | D:4      | Reached skill level 5 in Armour
  3814 | D:5      | Entered Level 5 of the Dungeon
  3855 | D:5      | Reached skill level 7 in Axes
  4103 | D:5      | Found a blossoming altar of Fedhas.
  4406 | D:6      | Reached skill level 8 in Axes
  4406 | D:6      | Reached XP level 8. HP: 48/69 MP: 5/8
  4423 | D:6      | Identified Iskenderun's Handbook of Attacks
  4668 | D:6      | Noticed Jessica
  4882 | D:6      | Killed Jessica
  4890 | D:6      | Found a deep blue altar of Sif Muna.
  5046 | D:7      | Found a staircase to the Ecumenical Temple.
  5144 | D:7      | Noticed Edmund
  5152 | D:7      | Killed Edmund
  5364 | D:7      | Reached skill level 9 in Axes
  5551 | D:7      | Noticed Joseph
  5572 | D:7      | HP: 3/70 [poisoned by an orc wizard]
  5572 | D:7      | Shot with a sling bullet by Joseph

Action                   |  1- 3 |  4- 6 |  7- 9 || total
-------------------------+-------+-------+-------++-------
Melee: War axe           |   113 |   302 |   247 ||   662
Evoke: Wand              |       |       |     3 ||     3
  Use: Scroll            |     5 |     1 |     8 ||    14
       Potion            |     1 |     6 |     1 ||     8
 Stab: Paralysed         |       |       |     4 ||     4
  Eat: Chunk             |     1 |     7 |     7 ||    15
       Fruit             |       |       |     1 ||     1
